Map: Frost LE

Players

Nickos

  • Race: Terran Terran
  • League: Gold

IIIIIIIIIIII - Winner!

  • Race: Terran Terran
  • League: Gold

VOD

Have the link to the VOD?

Description

Time

  • Played on: Sept. 30, 2016, 3:04 a.m.
  • Length: 9:24
Show
View Real Time Build Order
Export as new Build Order

Nickos Terran 

Build Orders:  

Get SALT Encoding   

  12  0:01  SCV  
  13  0:13  SCV  
  14  0:17  Supply Depot  
  14  0:25  SCV  
  15  0:39  SCV  
  15  0:41  Barracks  
  16  0:51  SCV  
  17  1:03  SCV  
  18  1:19  Command Center  
  18  1:24  SCV  
  19  1:27  Marine  
  20  1:36  Supply Depot  
  20  1:41  Orbital Command  
  20  1:47  Marine  
  21  1:57  Barracks  
  20  2:04  Marine  
  22  2:08  SCV  
  22  2:14  Barracks  
  22  2:20  SCV  
  23  2:30  Orbital Command  
  23  2:33  Refinery  
  23  2:35  Refinery  
  23  2:36  SCV  
  24  2:39  Marine  
  25  2:46  Marine  
  25  2:48  SCV  
  27  3:00  SCV  
  27  3:02  SCV  
  29  3:06  Barracks Tech Lab  
  29  3:07  Marine x2  
  29  3:12  SCV  
  32  3:14  SCV  
  33  3:21  Supply Depot  
  33  3:24  SCV  
  33  3:26  Barracks Reactor x2  
  33  3:27  Marine  
  34  3:30  SCV  
  36  3:36  SCV  
  37  3:42  SCV  
  37  3:44  Marine  
  39  3:48  SCV  
  39  3:52  Factory  
  39  3:54  Supply Depot, SCV  
  41  4:00  SCV  
  42  4:04  Marine x2  
  42  4:05  Marine x2  
  42  4:06  SCV  
  42  4:08  Marauder  
  49  4:11  Stimpack  
  49  4:17  Engineering Bay, SCV  
  49  4:18  Engineering Bay  
  49  4:19  SCV  
  49  4:22  Supply Depot  
  49  4:29  SCV  
  45  4:43  Marine x2, SCV x2  
  45  4:44  Marine x3  
  52  4:46  Factory Reactor  
  52  4:47  Starport  
  50  4:56  SCV  
  50  4:57  SCV  
  47  5:08  SCV  
  47  5:11  Missile Turret  
  47  5:13  Marine  
  47  5:14  Marine x4  
  46  5:15  SCV  
  46  5:18  Missile Turret  
  46  5:20  SCV  
  44  5:27  SCV  
  40  5:31  Marine x2  
  39  5:41  SCV x2  
  40  5:53  SCV x2  
  40  6:05  SCV x2  
  37  6:19  Marine x2  
  37  6:21  Missile Turret  
  39  6:29  Missile Turret  
  36  6:35  Marine x2  
  36  6:40  SCV  
  37  6:56  Marauder  
  37  6:57  Marine  
  39  7:18  Marauder  
  41  7:28  Marine x2  
  41  7:30  Marine x2  
  41  7:32  SCV  
  44  7:38  Marine  
  45  7:46  Marine x2  
  45  7:58  Marine  
  45  8:00  Missile Turret  
  45  8:02  SCV  
  47  8:20  Marine x2  
  47  8:21  Marine  
  50  8:27  SCV  
  50  8:28  SCV  
  52  8:39  Marine x2  
  38  8:44  Marine  
  38  8:47  SCV  
  40  8:53  Marine  
Show
View Real Time Build Order
Export as new Build Order

IIIIIIIIIIII Terran - Winner!

Build Orders: 1/1/1, Banshee Rush 

Get SALT Encoding   

  12  0:00  SCV  
  13  0:13  SCV  
  14  0:17  Supply Depot  
  14  0:31  SCV  
  14  0:35  Refinery  
  15  0:41  Barracks  
  15  0:45  SCV  
  16  0:57  SCV  
  16  1:00  Refinery  
  17  1:10  SCV  
  18  1:22  SCV  
  19  1:29  Marine  
  20  1:34  Factory  
  20  1:36  Orbital Command  
  20  1:46  Marine  
  21  1:51  Supply Depot  
  21  2:02  SCV  
  21  2:07  Marine  
  23  2:14  SCV  
  24  2:18  Widow Mine, Starport  
  26  2:26  SCV  
  26  2:29  Supply Depot  
  27  2:31  Marine  
  28  2:39  SCV  
  29  2:49  Marine  
  29  2:51  Factory Tech Lab  
  30  2:52  SCV  
  30  2:55  Starport Tech Lab  
  31  3:08  Barracks Reactor  
  31  3:13  Cloaking Field  
  31  3:14  Banshee  
  31  3:18  Cyclone  
  38  3:29  SCV  
  38  3:30  Supply Depot  
  39  3:47  Command Center  
  39  3:52  Marine x2  
  39  3:55  SCV  
  42  4:01  Banshee  
  45  4:13  SCV  
  46  4:23  Marine  
  47  4:28  Marine  
  47  4:31  Supply Depot x2  
  47  4:52  Cyclone, Banshee, SCV  
  55  4:58  Marine  
  55  4:59  Marine  
  57  5:05  SCV  
  58  5:18  SCV  
  59  5:23  Command Center  
  59  5:24  Cyclone  
  61  5:30  Orbital Command, SCV  
  61  5:38  Marine x2  
  61  5:42  SCV  
  64  5:54  SCV  
  64  5:55  Barracks  
  64  5:56  Barracks, Marine x2  
  67  5:58  Starport Reactor  
  67  6:14  Marine x2  
  69  6:28  SCV  
  69  6:30  Siege Tank  
  69  6:31  Engineering Bay, SCV  
  69  6:32  Engineering Bay, Marine x2  
  75  6:37  Supply Depot  
  75  6:39  Orbital Command  
  76  6:40  Medivac x2  
  76  6:42  Marine  
  81  6:48  Barracks Reactor, SCV  
  82  6:54  Marine, Stimpack  
  82  6:55  SCV, Marine  
  82  7:00  SCV  
  86  7:06  Marine  
  86  7:07  Siege Tank  
  90  7:12  Marine x2, SCV x2  
  90  7:13  Refinery  
  94  7:19  SCV  
  94  7:22  Terran Infantry Weapons Level 1, Terran Infantry Armor Level 1  
  95  7:24  SCV, Marine  
  95  7:27  SCV  
  98  7:30  Marine  
  98  7:31  Barracks  
  98  7:32  Barracks  
  98  7:36  Supply Depot  
  99  7:37  Supply Depot  
  96  7:45  SCV  
  97  7:52  Refinery, Marine x2, SCV  
  97  7:53  Supply Depot  
  97  7:54  Orbital Command, Supply Depot  
  97  7:57  SCV, Marine x2  
  103  8:04  Marine, SCV  
  105  8:11  SCV  
  105  8:12  Medivac x2  
  107  8:13  Siege Tank  
  110  8:23  Marine x2  
  110  8:24  Barracks Reactor  
  112  8:27  SCV x3  
  112  8:29  Barracks Reactor  
  114  8:40  Marine x3  
  115  8:42  SCV x3  
  115  8:45  Siege Tank  
  115  8:46  Marine  
  122  8:50  Supply Depot x2  
  122  8:51  Medivac, Supply Depot  
  122  8:52  Medivac, Supply Depot  
  122  8:54  Marine  
  127  8:56  SCV  
  128  9:03  Supply Depot  
  128  9:04  Marine x2  
  132  9:10  SCV  
  132  9:11  SCV  
  132  9:14  Supply Depot  
Tags
 
League
GoldGold
Matchup
TvT
Opening
1/1/1
Race
Terran
Replay Pack
Nickos replay
Strategy
Banshee Rush
Add a new tag
Caveats
  • Supply blocks, unpowered buildings, or Contaminate may cause inaccurate times.
  • Supply counts are checked every 10 seconds.